 Dungeon Crawl Stone Soup version 0.22-a0-858-g985ef60 (webtiles) character file.

101 prawnwizard the Poker (level 4, -4/37 HPs)
             Began as a Merfolk Monk on July 27, 2018.
             Slain by an ogre
             ... wielding a cursed -1 giant spiked club
              (20 damage)
             ... on level 2 of the Dungeon.
             The game lasted 00:02:30 (1378 turns).

prawnwizard the Poker (Merfolk Monk)                Turns: 1378, Time: 00:02:30

Health: -4/37      AC:  2    Str: 12    XL:     4   Next: 75%
Magic:  4/4        EV: 15    Int:  9    God:
Gold:   84         SH:  0    Dex: 16    Spells: 3/3 levels left

rFire    . . .     SeeInvis .   a - +0 spear
rCold    . . .     Gourm    .   (no shield)
rNeg     . . .     Faith    .   b - +0 robe
rPois    .         Spirit   .   (no helmet)
rElec    .         Reflect  .   (no cloak)
rCorr    .         Harm     .   (no gloves)
MR       .....                  (no boots)
Stlth    ++........             (no amulet)
HPRegen  0.12/turn              (no ring)
MPRegen  0.09/turn              (no ring)

@: lethally poisoned (-4 -> -6)
A: change form in water, swift swim, stealthy swim
a: no special abilities


You were on level 2 of the Dungeon.
You were hungry.

You visited 1 branch of the dungeon, and saw 2 of its levels.

You collected 84 gold pieces.

Inventory:

Hand Weapons
 a - a +0 spear (weapon)
Armour
 b - a +0 robe (worn)
 l - a +0 robe of fire resistance
Wands
 k - a wand of scattershot (6)
Scrolls
 f - 3 scrolls of identify {unknown}
 m - a scroll of noise {unknown}
Potions
 d - a potion of mutation {unknown}
 e - 2 potions of lignification {unknown}
 g - a potion of heal wounds {unknown}
 h - a potion of curing {unknown}
 j - a potion of agility {unknown}
Comestibles
 c - 5 rations
 i - a chunk of flesh


   Skills:
 + Level 4.0 Fighting
 * Level 6.3 Polearms
 + Level 4.9 Dodging
 - Level 2.1 Stealth


You had 3 spell levels left.
You didn't know any spells.
Your spell library was empty.

Dungeon Overview and Level Annotations

Branches:
Dungeon (2/15)

Altars:


Message History

You hit the adder.
You kill the adder!
You hit the kobold.
You kill the kobold!
You feel sick.
You feel sick.
Found a ration.
You feel sick.
You feel sick.
You feel sick.
You feel sick.
A kobold comes into view.
You feel sick.
The kobold shouts!
You closely miss the kobold. The kobold closely misses you.
You hit the kobold.
You kill the kobold!
The ogre hits you with a giant spiked club!!
Ouch! That really hurt!
You die...

#.#... ####.####.# #.# ###
###.###.##.......... #.# #..
#.....#....####.##.# ##'##
#.###.###.###..# #.##..
##...###.#...# #..%#.## #.####
##.....##.###.###.###.# #.##
##.......#...#.....#..)# #..##
#.......(..#)###O###..######...##
'.........'.KS)#@#...............
#.........####(#?#....##.......##
##.......## #.))...#.##......##
###.....## #....#...##.....## #
##...## ##..###..###...## # ##'##
#...#...# ##.## # #. #.#..)#.#
#.# # #. #.......# #.# ####.####
#.######


You could see an ogre.

Vanquished Creatures
  Jessica (D:2)
  Robin (D:2)
  An adder (D:2)
  2 dart slugs
  3 leopard geckos
  3 giant cockroaches (D:1)
  9 hobgoblins
  A quokka (D:2)
  3 bats
  A frilled lizard (D:1)
  11 goblins
  5 kobolds
  5 rats
46 creatures vanquished.

Notes
Turn   | Place    | Note
-------+----------+-------------------------------------------
     0 | D:1      | prawnwizard the Merfolk Monk began the quest for the Orb.
     0 | D:1      | Reached XP level 1. HP: 18/18 MP: 1/1
   313 | D:1      | Reached XP level 2. HP: 24/24 MP: 2/2
   458 | D:1      | Reached skill level 5 in Polearms
   888 | D:2      | Reached XP level 3. HP: 22/29 MP: 3/3
   942 | D:2      | Noticed Jessica
   950 | D:2      | Killed Jessica
  1041 | D:2      | Reached XP level 4. HP: 37/37 MP: 4/4
  1079 | D:2      | Noticed Robin
  1087 | D:2      | Reached skill level 6 in Polearms
  1116 | D:2      | Killed Robin
  1321 | D:2      | Noticed an ogre
  1378 | D:2      | Slain by an ogre

Vault maps used:
D:1:      roderic_octagonal_star
D:2:      led_sif_pool, minmay_quantized, uniq_robin, uniq_jessica

Skill      XL: |  1  2  3  4 |
---------------+-------------+-----
Polearms       | 5 6 |  6.3
Fighting       | 4 |  4.0
Dodging        | |  4.9
Stealth        | |  2.1

Action                   |  1- 3 |  4- 6 || total
-------------------------+-------+-------++-------
Melee: Spear             |    74 |    66 ||   140
 Stab: Sleeping          |     9 |       ||     9
       Distracted        |     1 |       ||     1
  Eat: Chunk             |       |     1 ||     1
Armor: Robe              |     5 |     1 ||     6
Dodge: Dodged            |    20 |    37 ||    57

Table legend:
 A = Spawn XP
 B = Non-spawn XP
 C = Spawn XP percentage of total XP
 D = Spawn monster count
 E = Non-spawn monster count
 F = Spawn count percentage of total count
 G = Total turns spent on level
                    A         B        C        D         E        F      G
               +---------+---------+-------+---------+---------+-------+---------
         Total |       0 |     145 |   0.0 |       0 |      46 |   0.0 |  1378
               +---------+---------+-------+---------+---------+-------+---------
           D:1 |       0 |      29 |   0.0 |       0 |      16 |   0.0 |   826
           D:2 |       0 |     116 |   0.0 |       0 |      30 |   0.0 |   552
               +---------+---------+-------+---------+---------+-------+---------
